 Dungeon Crawl Stone Soup version 0.31.0-12-g77e489cdc1 (webtiles) character file.

Game seed: 18369144425441791164

186 DildoBatman the Conjurer (level 5, 0/38 HPs)
             Began as a Formicid Conjurer on Mar 3, 2024.
             Slain by a scorpion (1 damage)
             ... on level 5 of the Dungeon.
             The game lasted 00:09:25 (3100 turns).

DildoBatman the Conjurer (Formicid Conjurer)        Turns: 3100, Time: 00:09:26

Health: 0/38       AC:  3    Str: 12    XL:     5   Next: 97%
Magic:  0/9        EV: 13    Int: 19    God:
Gold:   167        SH:  0    Dex: 18    Spells: 7/10 levels left

rFire   + . .        d - +1 short sword (drain)
rCold   . . .        (no shield)
rNeg    . . .        a - +0 robe
rPois   .            (helmet unavailable)
rElec   .            (no cloak)
rCorr   .            h - +0 pair of gloves
SInv    +            (no boots)
Will    .....        (no amulet)
Stlth   +++          e - +6 ring of dexterity
HPRegen 0.26/turn    f - ring of protection from fire
MPRegen 0.11/turn

%: no passive effects
@: lethally poisoned (0 -> -3)
A: permanent stasis, dig shafts and tunnels, antennae 3, four strong arms
a: Dig, Shaft Self


You were on level 5 of the Dungeon.
You visited 1 branch of the dungeon, and saw 5 of its levels.

You collected 167 gold pieces.

Inventory:

Hand Weapons
 d - a +1 short sword of draining (weapon)
 l - a +1 mace of protection
Missiles
 c - 41 stones
 n - 3 atropa-tipped darts
 u - 3 poisoned darts
Armour
 a - a +0 robe (worn)
 h - a +0 pair of gloves (worn)
 r - +0 pearl dragon scales
Jewellery
 e - a +6 ring of dexterity (left hand)
 f - a ring of protection from fire (right hand)
 p - a ring of protection from fire
 q - a ring of poison resistance
 t - a ring of positive energy
Scrolls
 g - 6 scrolls of poison
 j - 2 scrolls of immolation
 k - a scroll of summoning
 m - a scroll of vulnerability
 o - a scroll of amnesia
 w - a scroll of fog
 x - a scroll of enchant weapon
Potions
 b - a potion of magic
 s - a potion of curing {unknown}
 v - a potion of mutation {unknown}


   Skills:
 + Level 2.3 Fighting
 + Level 2.0 Armour
 + Level 2.5 Dodging
 + Level 3.7 Stealth
 + Level 3.0 Spellcasting
 + Level 4.1 Conjurations


You had 7 spell levels left.
You knew the following spells:

 Your Spells              Type           Power      Damage    Failure   Level
a - Searing Ray           Conj           36%        2d5       4%          2
c - Magic Dart            Conj           72%        1d6       2%          1

Your spell library contained the following spells:

 Spells                   Type           Power      Damage    Failure   Level
 Cigotuvi's Dreadful Rot  Necr/Alch/Air  4%         N/A       22%         2
 Fulminant Prism          Conj/Alch      5%         3d6       54%         4
 Iskenderun's Mystic Bla  Conj/Tloc      10%        2d4       54%         4
 Ignite Poison            Fire/Alch      2%         N/A       83%         4
 Freezing Cloud           Conj/Ice/Air   4%         6-21      94%         5
 Chain Lightning          Conj/Air       5%         3d6       100%        9
 Fire Storm               Conj/Fire      5%         8d1       100%        9
 Shatter                  Erth           1%         3d5*      100%        9


Dungeon Overview and Level Annotations

Branches:
Dungeon (5/15)
 Temple: D:4-7

Altars:

Shops:
D:3 !

Annotations:
D:3 Jessica
D:4 exclusions: hound, scorpion and sensed monster (detected), Grinder


Innate Abilities, Weirdness & Mutations

You cannot be hasted, slowed, berserked, paralysed or teleported.
You can dig through walls and to a lower floor.
You have a pair of large antennae on your head. (SInv)
Your four strong arms can wield two-handed weapons with a shield.


Message History

Press: ? - help, Shift-Dir - straight line, f/p - scorpion
Aim: a scorpion (heavily wounded, 100% to hit)
The magic dart hits the scorpion but does no damage.
The scorpion is heavily wounded.
You feel very sick. The scorpion closely misses you.
Casting: Magic Dart (safe; 2% risk of failure)
Confirm with . or Enter, or press ? or * to list all spells.
Aiming: Magic Dart (safe; 2% risk of failure)
Press: ? - help, Shift-Dir - straight line, f/p - scorpion
Aim: a scorpion (heavily wounded, 100% to hit)
The magic dart hits the scorpion but does no damage.
The scorpion is heavily wounded.
You feel very sick. The scorpion barely misses you. x2
Casting: Magic Dart (safe; 2% risk of failure)
Confirm with . or Enter, or press ? or * to list all spells.
Aiming: Magic Dart (safe; 2% risk of failure)
Press: ? - help, Shift-Dir - straight line, f/p - scorpion
Aim: a scorpion (heavily wounded, 100% to hit)
The magic dart hits the scorpion.
The scorpion is severely wounded.
You feel sick. The scorpion closely misses you.
Casting: Magic Dart (safe; 2% risk of failure)
Confirm with . or Enter, or press ? or * to list all spells.
Aiming: Magic Dart (safe; 2% risk of failure)
Press: ? - help, Shift-Dir - straight line, f/p - scorpion
Aim: a scorpion (severely wounded, 100% to hit)
The magic dart hits the scorpion but does no damage.
The scorpion is severely wounded.
You feel sick.
The scorpion stings you but does no damage.
You hit the scorpion but do no damage. You drain the scorpion.
The scorpion is almost dead.
You hear the rusting of a drain very nearby.
You feel sick. The scorpion stings you.
You die...

#.#.# #.#.# #.#.#
..#.# ..#.# ###
.†#.# ..#
....############.##
##................#
##..###########@.#
##..# ......s..#
...# ########.#
..... .. ....###
.## .....# .#
.....# ##


You could see a scorpion (drained).

Vanquished Creatures
  A jelly (D:4)
  An iguana (D:5)
  4 adders
  2 ufetubi (D:5)
  2 dart slugs (D:3)
  A ribbon worm (D:4)
  8 orcs
  7 ball pythons
  5 endoplasms
  4 giant cockroaches
  3 goblins
  5 hobgoblins
  6 jackals
  2 quokkas (D:1)
  2 bats (D:1)
  3 frilled lizards
  7 kobolds
  5 rats
68 creatures vanquished.

Notes
Turn   | Place    | Note
-------+----------+-------------------------------------------
     0 | D:1      | DildoBatman the Formicid Conjurer began the quest for the
                  | Orb.
     0 | D:1      | Reached XP level 1. HP: 13/13 MP: 3/3
   297 | D:1      | Reached XP level 2. HP: 20/20 MP: 1/5
   300 | D:1      | Learned a level 2 spell: Searing Ray
   763 | D:2      | Reached XP level 3. HP: 25/25 MP: 6/6
   775 | D:1      | Reached skill level 1 in Armour
   910 | D:2      | Reached skill level 1 in Fighting
   965 | D:2      | Found a faded altar of an unknown god.
  1165 | D:3      | Reached XP level 4. HP: 32/32 MP: 3/7
  1198 | D:3      | Noticed Jessica
  1336 | D:4      | Noticed Grinder
  1750 | D:4      | Noticed a scorpion
  2004 | D:3      | Reached XP level 5. HP: 37/37 MP: 7/9
  2090 | D:3      | Reached skill level 4 in Conjurations
  2458 | D:3      | Found Pyreit's Distillery.
  2897 | D:5      | Entered Level 5 of the Dungeon
  2911 | D:5      | Noticed a black bear
  3100 | D:5      | HP: 1/38 [poisoned by a scorpion]
  3100 | D:5      | Slain by a scorpion

Illustrated notes

Levels and vault maps discovered:
D:1:      lemuel_arrival_behind_the_door_large, layout_loops_ring
D:2:      layout_rooms, shapermc_ecumenical_altar_pompeii
D:3:      layout_basic, serial_shops, shop, uniq_jessica,
          uniq_crazy_yiuf_cottage
D:4:      layout_loops_ring, minmay_puff, uniq_grinder, uniq_robin
D:5:      layout_basic, mainiacjoe_sewer_entry_somewhere_in_here_2

Skill      XL: |  1  2  3  4  5 |
---------------+----------------+-----
Dodging        | 2 |  2.5
Armour         | 1 2 |  2.0
Stealth        | 3 |  3.7
Fighting       | 1 2 |  2.3
Conjurations   | 4 |  4.1
Spellcasting   | 3 |  3.0

Action                     |  1- 3 |  4- 6 || total
---------------------------+-------+-------++-------
  Melee: Short sword       |    30 |    27 ||    57
         Punch             |       |     1 ||     1
   Cast: Magic Dart        |    29 |    62 ||    91
         Searing Ray       |       |     5 ||     5
    Use: Scroll            |       |     7 ||     7
   Stab: Sleeping          |     7 |     1 ||     8
 Armour: Robe              |    10 |    34 ||    44
  Dodge: Dodged            |    20 |    24 ||    44
